 Dungeon Crawl Stone Soup version 0.30.1-3-gfc49f6343a (webtiles) character file.

Game seed: 11476962089726538049

134090 tykejmi the Executioner (level 16, 0/155 HPs)
             Began as a Minotaur Berserker on July 28, 2023.
             Was a High Priest of Trog.
             Slain by a +0 trident of distortion (5 damage)
             ... on level 2 of the Elven Halls.
             The game lasted 00:47:38 (33385 turns).

tykejmi the Executioner (Minotaur Berserker)       Turns: 33385, Time: 00:47:38

Health: 0/155      AC: 28    Str: 30    XL:     16   Next: 61%
Magic:  15/15      EV: 12    Int: 11    God:    Trog [*****.]
Gold:   3946       SH:  5    Dex: 10    Spells: 15/15 levels left

rFire   + . .        d - +8 executioner's axe "Peurgh" {venom, Int+7}
rCold   . . .        (shield currently unavailable)
rNeg    . . .        f - +2 plate armour {Will+}
rPois   +            K - +2 hat
rElec   .            H - +1 cloak "Heqecsir" {Fly rPois rF+}
rCorr   .            c - +2 pair of gloves
SInv    .            (no boots)
Will    +++++        o - amulet of reflection Stlth
                     j - ring of willpower
HPRegen 1.45/turn    w - ring of willpower
MPRegen 0.14/turn

%: reflection
@: about to teleport, strong-willed, flying, regenerating, studying Armour
A: horns 2, retaliatory headbutt
a: Renounce Religion, Berserk, Trog's Hand, Brothers in Arms


You were on level 2 of the Elven Halls.
You worshipped Trog.
Trog was extremely pleased with you.
You visited 4 branches of the dungeon, and saw 24 of its levels.
You also visited: Volcano.

You collected 4021 gold pieces.
You spent 75 gold pieces at shops.

Inventory:

Hand Weapons
 d - the +8 executioner's axe "Peurgh" (weapon) {venom, Int+7}
   (You acquired it on level 3 of the Dungeon)

   Int:       It affects your intelligence (+7).
Missiles
 M - a throwing net (quivered)
Armour
 c - a +2 pair of gloves (worn)
 f - a +2 plate armour of willpower (worn)
 H - the +1 cloak "Heqecsir" (worn) {Fly rPois rF+}
   (You found it on level 11 of the Dungeon)

   rF:        It protects you from fire.
   rPois:     It protects you from poison.
   Fly:       It grants you flight.
 K - a +2 hat (worn)
Jewellery
 g - an amulet of the acrobat
 j - a ring of willpower (left hand)
 o - an amulet of reflection (around neck)
 r - an amulet of guardian spirit
 w - a ring of willpower (right hand)
 J - a +4 ring of slaying
 O - an amulet of faith
Wands
 m - a wand of charming (12)
 n - a wand of roots (30)
 v - a wand of quicksilver (6)
 x - a wand of mindburst (45)
 E - a wand of flame (10)
Scrolls
 e - 7 scrolls of blinking
 h - 2 scrolls of silence
 q - 7 scrolls of fear
 s - 11 scrolls of teleportation
 y - 4 scrolls of enchant armour
 D - 4 scrolls of brand weapon
 G - a scroll of fog
 I - 5 scrolls of poison
 L - 3 scrolls of enchant weapon
 N - 3 scrolls of magic mapping
 P - a scroll of identify
Potions
 a - 3 potions of resistance
 b - a potion of ambrosia
 i - 9 potions of lignification
 k - 3 potions of magic
 l - a potion of berserk rage
 p - 3 potions of invisibility
 u - 6 potions of haste
 z - 5 potions of mutation
 A - 5 potions of flight
 B - 5 potions of attraction
 C - 3 potions of might
 F - 9 potions of curing
 Q - a potion of cancellation


   Skills:
 * Level 17.4 Fighting
 * Level 24.5 Axes
 * Level 17.2 Armour
 * Level 11.6 Dodging
 - Level 1.1 Shields


You had 15 spell levels left.
You didn't know any spells.
Your spell library was empty.

Dungeon Overview and Level Annotations

Branches:
Dungeon (15/15)            Temple (0/1) D:5            Lair (5/5) D:8
  Swamp (0/4) Lair:2        Snake (0/4) Lair:2        Slime (0/5) Lair:4
    Orc (2/2) D:9             Elf (2/3) Orc:2        Vaults (0/5) D:14
 Depths (0/4) D:15        Volcano (visited)

Altars:
Ashenzari
Fedhas
Gozag
Hepliaklqana
Kikubaaqudgha
Makhleb
Nemelex Xobeh
Okawaru
Sif Muna
Uskayaw
Vehumet
Wu Jian
Xom
Yredelemnul
Jiyva

Shops:
D:3 ?   D:5 [   D:12 :   Orc:2 ((**

Annotations:
D:5 1 runed translucent door


Innate Abilities, Weirdness & Mutations

You have a pair of horns on your head.
You reflexively headbutt those who attack you in melee.


Message History

You miss something. You slice the deep elf zephyrmancer!! Something hits you.
The deep elf zephyrmancer mumbles some strange words.
The deep elf zephyrmancer blinks!
Something blocks your attack.
The +0 trident of distortion hits you but does no damage.
Space warps horribly around you!!
Your iron troll goes berserk!
Something hits you!
The +0 trident of distortion hits you from afar.
You blink.
A deep elf blademaster comes into view.
It is wielding two +0 short swords and wearing a +0 leather armour of fire resistance.
You barely miss the deep elf zephyrmancer.
The deep elf zephyrmancer is heavily wounded.
A +3 battleaxe of electrocution comes into view.
The deep elf zephyrmancer misses you.
As you read the scroll of teleportation, it crumbles to dust.
You feel strangely unstable.
The +0 trident of distortion hits you but does no damage.
The deep elf zephyrmancer hits you but does no damage.
The +0 trident of distortion hits you from afar.
You blink.
The deep elf zephyrmancer hits you but does no damage.
The deep elf zephyrmancer casts a spell at you.
The bolt of lightning misses the +0 trident of distortion.
The bolt of lightning hits you!
* * * LOW HITPOINT WARNING * * *
You hear a shout! x2
You feel much better.
The +0 trident of distortion hits you but does no damage.
The deep elf blademaster hits you with a +0 short sword! x2
* * * LOW HITPOINT WARNING * * *
The deep elf zephyrmancer hits you but does no damage.
The deep elf zephyrmancer points at you and mumbles some strange words.
The bolt of lightning misses the +0 trident of distortion.
The bolt of lightning hits you!!
* * * LOW HITPOINT WARNING * * *
The +0 trident of distortion hits you from afar!
* * * LOW HITPOINT WARNING * * *
Space warps around you.
You die...

.....## ....##
.........#..#.....#
........#....#....#
.......#......#...#
.....#........#..#
.(#..........#.#
#...(..e))...#
#...e(...)...#
#..@.........##
#...#..eT......#.#
#.....#........#..#
.......#......#...#
........#....#....#
.#...........#..#.....#
#.............##.....##
.##.............##.....##
#..#...........#..#.....#


You could see a deep elf blademaster, 2 deep elf zephyrmancers, 3 dancing
weapons and a friendly iron troll (summoned, berserk).

Vanquished Creatures
  A deep elf sorcerer (Elf:1)
  Louise (D:14)
  2 deep elf demonologists (Elf:1)
  2 deep elf death magi (Elf:1)
  2 fire dragons
  Josephine (D:14)
  Fannar (Lair:2)
  A rakshasa (D:13)
  2 ogre magi (D:15)
  3 hydras
  9 centaur warriors
  6 boulder beetles
  3 tengu warriors
  16 two-headed ogres
  4 orc high priests
  A vampire mage (D:15)
  15 dancing weapons
  A hell knight (Volcano)
  A sun demon (Volcano)
  2 skysharks (Lair:4)
  9 deep elf knights
  Sonja (Lair:3)
  The ghost of MartinW the Magician, a novice GnWr (D:6)
  A fire crab (Lair:5)
  7 skeletal warriors
  A flayed ghost (D:15)
  An orb spider (shapeshifter) (Elf:1)
  A spark wasp zombie (D:15)
  A shadow dragon zombie (D:15)
  6 deep elf archers (Elf:1)
  Pikel (D:5)
  A wizard (D:13)
  2 necromancers (D:14)
  14 deep elf zephyrmancers (Elf:1)
  22 deep elf pyromancers
  7 orc knights
  A salamander (Lair:2)
  7 ugly things
  5 orc sorcerers
  Maurice (D:11)
  10 cyclopes
  4 manticores
  5 elephants (Lair:1)
  4 black mambas
  An ice statue (D:11)
  5 molten gargoyles
  A gargoyle (D:12)
  6 rime drakes
  6 cane toads
  An unseen horror (D:13)
  A komodo dragon (shapeshifter) (D:15)
  15 komodo dragons
  2 efreet
  2 tengu conjurers
  A yaktaur (shapeshifter) (D:14)
  A freezing wraith (D:15)
  3 red devils (Volcano)
  10 trolls
  2 hornets
  A polar bear (Lair:4)
  2 wind drakes (shapeshifter) (Elf:1)
  An ettin zombie (D:15)
  9 blink frogs
  9 slime creatures
  2 water elementals (Elf:1)
  A shadow (D:13)
  A vampire (D:9)
  8 wyverns
  10 wraiths
  An air elemental (Elf:1)
  16 yaks
  2 fire bats (Volcano)
  Grum (D:8)
  4 basilisks
  4 steam dragons
  A golden eye (shapeshifter) (D:15)
  4 redbacks (D:5)
  9 vampire mosquitoes
  Menkaure (D:5)
  6 acid dragons
  3 wargs (Orc:1)
  19 water moccasins
  23 orc warriors
  5 hell hounds
  A human skeleton (D:15)
  A sky beast (D:8)
  An ice beast (D:7)
  10 ogres
  2 wolves (D:8)
  15 centaurs
  A lemure (D:5)
  5 phantoms
  15 kobold brigands
  11 bullfrogs
  2 earth elementals (Elf:1)
  12 scorpions
  10 wights
  7 killer bees (D:5)
  7 howler monkeys
  An electric eel (D:7)
  5 hounds
  16 lava snakes
  2 jellies (D:6)
  9 orc priests
  A gnoll bouda (D:10)
  A sleepcap (D:6)
  4 iguanas
  21 orc wizards
  8 gnolls
  8 adders
  A shadow imp (D:5)
  3 ufetubi
  3 worms
  4 dart slugs
  72 orcs
  10 endoplasms
  8 giant cockroaches
  5 goblins
  10 hobgoblins
  10 jackals
  9 kobolds
  2 quokkas
  6 ball pythons
  7 bats
  3 frilled lizards
  6 rats
722 creatures vanquished.

Vanquished Creatures (others)
  2 deep elf knights (Elf:1)
  A black mamba (Lair:5)
  A slime creature (D:12)
  A vampire mosquito (D:12)
5 creatures vanquished.

Grand Total: 727 creatures vanquished

Notes
Turn   | Place    | Note
-------+----------+-------------------------------------------
     0 | D:1      | tykejmi the Minotaur Berserker began the quest for the Orb.
     0 | D:1      | Reached XP level 1. HP: 19/19 MP: 0/0
    76 | D:1      | Found a faded altar of an unknown god.
   141 | D:1      | Reached XP level 2. HP: 27/27 MP: 1/1
   196 | D:1      | Reached skill level 4 in Axes
   248 | D:1      | Reached ** piety under Trog
   253 | D:1      | Reached XP level 3. HP: 25/34 MP: 2/2
  1226 | D:2      | Reached XP level 4. HP: 41/41 MP: 3/3
  1935 | D:3      | Identified a scroll of acquirement
  1935 | D:3      | Acquired the +8 executioner's axe "Peurgh" {venom, Int+7}
  1996 | D:3      | Found a burning altar of Makhleb.
  1998 | D:3      | Reached *** piety under Trog
  2080 | D:3      | Reached skill level 5 in Axes
  2415 | D:3      | Reached XP level 5. HP: 45/47 MP: 4/4
  2579 | D:3      | Found Liowkox's Magic Scroll Boutique.
  2582 | D:3      | Bought a scroll of blinking for 75 gold pieces
  2624 | D:3      | Identified the +6 war axe "Urghupsae" {flame, rCorr MP+9}
  2799 | D:4      | You fall into a shaft and drop 1 floor!
  2799 | D:5      | Entered Level 5 of the Dungeon
  2799 | D:5      | Found a runed translucent gate.
  2799 | D:5      | Found a runed translucent gate.
  2799 | D:5      | Found a runed translucent gate.
  2800 | D:5      | Noticed a lemure
  2800 | D:5      | Noticed a lemure
  2801 | D:5      | Noticed a redback
  2801 | D:5      | Noticed a redback
  2803 | D:5      | Noticed a water moccasin
  2803 | D:5      | Noticed a redback
  2803 | D:5      | Noticed a water moccasin
  2803 | D:5      | Noticed a redback
  2804 | D:5      | Noticed a centaur
  2805 | D:5      | Noticed Pikel
  2806 | D:5      | Noticed a lemure
  2828 | D:5      | Killed a lemure
  2851 | D:5      | Killed Pikel
  2852 | D:5      | Reached skill level 5 in Fighting
  2852 | D:5      | Reached skill level 7 in Axes
  2852 | D:5      | Reached XP level 6. HP: 36/57 MP: 5/5
  2852 | D:5      | Reached XP level 7. HP: 40/62 MP: 6/6
  2860 | D:5      | Reached skill level 8 in Axes
  3566 | D:5      | Found a staircase to the Ecumenical Temple.
  3576 | D:5      | Noticed Menkaure
  3580 | D:5      | Killed Menkaure
  3581 | D:5      | Reached XP level 8. HP: 71/71 MP: 7/7
  3622 | D:5      | Reached skill level 9 in Axes
  3637 | D:5      | Found a runed translucent door.
  3645 | D:5      | Found the +9 staff of Olgreb {rPois∞}
  3649 | D:5      | Found a runed translucent door.
  3897 | D:5      | Found an opulent altar of Gozag.
  4076 | D:4      | Found a sparkling altar of Nemelex Xobeh.
  4359 | D:4      | Reached skill level 10 in Axes
  4450 | D:4      | Found a shimmering altar of Xom.
  4616 | D:4      | Found a broken altar of Ashenzari.
  4754 | D:5      | Found Kugyotux's Armour Shoppe.
  5124 | D:5      | Reached **** piety under Trog
  5125 | D:5      | Reached skill level 11 in Axes
  5125 | D:5      | Reached skill level 5 in Armour
  5126 | D:5      | Reached XP level 9. HP: 55/79 MP: 8/8
  5237 | D:5      | Reached skill level 5 in Dodging
  5399 | D:5      | Reached skill level 12 in Axes
  5555 | D:6      | Identified the +0 sling "Wiprikyrr" {drain, rN+}
  5644 | D:6      | Found an ancient bone altar of Kikubaaqudgha.
  6162 | D:6      | Found a runed translucent gate.
  6162 | D:6      | Found a runed translucent gate.
  6163 | D:6      | Found a runed translucent gate.
  6165 | D:6      | Noticed MartinW's ghost (novice GnWr)
  6475 | D:6      | Reached skill level 13 in Axes
  6478 | D:6      | Reached XP level 10. HP: 90/90 MP: 9/9
  6493 | D:6      | Killed MartinW's ghost
  6843 | D:7      | Noticed a centaur warrior
  7277 | D:7      | Killed a centaur warrior
  7278 | D:7      | Reached skill level 14 in Axes
  7418 | D:7      | Found a radiant altar of Vehumet.
  7492 | D:7      | Found a shimmering blue altar of Sif Muna.
  7935 | D:8      | Reached ***** piety under Trog
  8269 | D:8      | Found a staircase to the Lair.
  8281 | D:8      | Found a hazy altar of Hepliaklqana.
  8617 | D:8      | Found a basalt altar of Yredelemnul.
  8805 | D:8      | Noticed Grum
  8813 | D:8      | Killed Grum
  9044 | D:9      | Found a hide-covered altar of Uskayaw.
  9794 | D:9      | Reached skill level 15 in Axes
  9794 | D:9      | Reached XP level 11. HP: 90/94 MP: 10/10
  9867 | D:9      | Noticed a two-headed ogre
  9870 | D:9      | Noticed a centaur warrior
  9873 | D:9      | Killed a two-headed ogre
  9874 | D:9      | Reached skill level 10 in Fighting
  9880 | D:9      | Received a gift from Trog
  9887 | D:9      | Killed a centaur warrior
 10101 | D:9      | Noticed a two-headed ogre
 10114 | D:9      | Killed a two-headed ogre
 10397 | D:9      | Noticed a two-headed ogre
 10407 | D:9      | Killed a two-headed ogre
 10414 | D:9      | Reached skill level 16 in Axes
 10816 | D:9      | Found a staircase to the Orcish Mines.
 10916 | D:9      | Paralysed by a hornet for 1 turns
 11010 | D:9      | Noticed a two-headed ogre
 11016 | D:9      | Killed a two-headed ogre
 11376 | D:10     | Entered Level 10 of the Dungeon
 11458 | D:10     | Reached skill level 10 in Armour
 11956 | D:10     | Found a blossoming altar of Fedhas.
 12212 | D:10     | Noticed a two-headed ogre
 12218 | D:10     | Killed a two-headed ogre
 12599 | D:10     | Found an ornate altar of the Wu Jian Council.
 12846 | D:11     | Noticed Maurice
 12851 | D:11     | Killed Maurice
 12852 | D:11     | Reached XP level 12. HP: 108/110 MP: 11/11
 12866 | D:11     | Identified the +1 cloak "Heqecsir" {Fly rPois rF+}
 13123 | D:11     | Noticed a two-headed ogre
 13128 | D:11     | Reached skill level 17 in Axes
 13130 | D:11     | Killed a two-headed ogre
 13130 | D:11     | Noticed a boulder beetle
 13149 | D:11     | Killed a boulder beetle
 14262 | D:12     | Reached skill level 18 in Axes
 14264 | D:12     | Found Dohilu's Book Shoppe.
 14372 | D:12     | Noticed a two-headed ogre
 14375 | D:12     | Killed a two-headed ogre
 14466 | D:12     | Found a radiant altar of Vehumet.
 14775 | D:12     | Noticed a centaur warrior
 14780 | D:12     | Killed a centaur warrior
 14781 | D:12     | Noticed a boulder beetle
 14810 | D:12     | Killed a boulder beetle
 14823 | D:12     | Reached XP level 13. HP: 74/119 MP: 12/12
 15265 | D:13     | Reached skill level 19 in Axes
 16559 | D:14     | Noticed Josephine
 16569 | D:14     | Killed Josephine
 16996 | D:14     | Found an iron altar of Okawaru.
 17052 | D:14     | Reached skill level 20 in Axes
 17698 | D:14     | Found a gate to the Vaults.
 17978 | D:14     | Noticed Louise
 17997 | D:14     | Killed Louise
 18279 | D:15     | Entered Level 15 of the Dungeon
 18709 | D:15     | Noticed a fire dragon
 18711 | D:15     | Reached XP level 14. HP: 118/130 MP: 13/13
 19325 | D:15     | Reached skill level 21 in Axes
 20024 | D:15     | Found a staircase to the Depths.
 20192 | D:15     | Reached skill level 10 in Dodging
 21322 | Orc:1    | Entered Level 1 of the Orcish Mines
 21546 | Orc:1    | Received a gift from Trog
 21583 | Orc:1    | Reached skill level 1 in Shields
 22304 | Orc:2    | Entered Level 2 of the Orcish Mines
 22483 | Orc:2    | Found a staircase to the Elven Halls.
 22733 | Orc:2    | Reached skill level 15 in Fighting
 22740 | Orc:2    | Reached skill level 22 in Axes
 23015 | Orc:2    | Reached XP level 15. HP: 112/141 MP: 14/14
 23187 | Orc:2    | Found Pacaet's Weapon Boutique.
 23187 | Orc:2    | Found Zustrun's Weapon Emporium.
 23189 | Orc:2    | Found Gumust's General Store.
 23189 | Orc:2    | Found Cegot's General Store.
 23366 | Lair:1   | Entered Level 1 of the Lair of Beasts
 24165 | Lair:1   | Acquired a manual of Armour
 24169 | Lair:1   | Acquired 701 gold pieces
 24178 | Lair:2   | Found a staircase to the Snake Pit.
 24349 | Lair:2   | Noticed Fannar
 24358 | Lair:2   | Killed Fannar
 24442 | Lair:2   | Found a dark tunnel.
 24456 | Volcano  | Entered a volcano
 24880 | Volcano  | Found a bloodstained altar of Trog.
 25765 | Lair:2   | Found a staircase to the Swamp.
 26155 | Lair:3   | Received a gift from Trog
 26474 | Lair:3   | Noticed Sonja
 26481 | Lair:3   | Killed Sonja
 27350 | Lair:4   | Found a staircase to the Slime Pits.
 27357 | Lair:4   | Found a viscous altar of Jiyva.
 27392 | Lair:4   | Reached skill level 15 in Armour
 27718 | Lair:4   | Reached skill level 23 in Axes
 27932 | Lair:5   | Entered Level 5 of the Lair of Beasts
 28183 | Lair:5   | Found a large runed translucent door.
 28183 | Lair:5   | Found a large runed translucent door.
 29817 | Elf:1    | Entered Level 1 of the Elven Halls
 30707 | Elf:1    | Reached XP level 16. HP: 133/152 MP: 15/15
 31342 | Elf:1    | Received a gift from Trog
 31386 | Elf:1    | Paralysed by an air elemental for 1 turns
 31409 | Elf:1    | Reached skill level 24 in Axes
 31965 | Elf:1    | Identified the +0 robe "Mavaqog" {rPois Str+5 Int+4}
 32679 | Elf:2    | Found a runed translucent gate.
 32680 | Elf:2    | Found a runed translucent gate.
 32681 | Elf:2    | Found a runed translucent gate.
 33365 | Elf:2    | Reached ****** piety under Trog
 33369 | Elf:2    | Received a gift from Trog
 33381 | Elf:2    | Noticed a deep elf blademaster
 33385 | Elf:2    | HP: 5/155 [+0 trident of distortion (9)]
 33385 | Elf:2    | Slain by a +0 trident of distortion

Illustrated notes

Levels and vault maps discovered:
D:1:      eino_arrival_cavern_a, layout_basic, ebering_ecumenical_altar_box,
          grunt_decor_arrowhead
D:2:      layout_basic, serial_corexii_hall, chequers_hall_statues_y,
          corexii_hall_statues_t
D:3:      layout_basic, lightli_temple_of_fire, serial_shops,
          nicolae_shop_behind_doors, minmay_cupped
D:4:      layout_loops_ring, nemelex_diamond_rough_becter, kennysheep_mini,
          general_overflow_altar
D:5:      cheibrodos_quashed, layout_loops_ring, mainiacjoe_overflow_alcove_2,
          minmay_temple_entry_arrows, serial_shops, shop,
          minmay_guarded_unrand_staff_of_olgreb, uniq_pikel, uniq_menkaure
D:6:      layout_loops_corners, kiku_gazebo_pond_becter,
          gammafunk_ghost_nasty_kobolds
D:7:      nzn_winding_woodlands_cross [nzn_winding_woodlands_5x15_lazy_stream,
          nzn_winding_woodlands_5x15_default,
          nzn_winding_woodlands_5x15_longhouse,
          nzn_winding_woodlands_5x15_jagged,
          nzn_winding_woodlands_15x15_eel_pit], layout_rooms,
          nicolae_sif_muna_little_library, mainiacjoe_overflow_tiny_flanked,
          minmay_overflow_temple_star_quad, chequers_serial_rivers_micro_c
D:8:      layout_loops_cross, mainiacjoe_overflow_brackets, lemuel_doored_altar,
          lair_entry_dummy, uniq_grum
D:9:      hangedman_cross_veins, layout_irregular_city,
          mainiacjoe_overflow_alcove_1
D:10:     layout_stronghold, fedhas_altar_1, overflow_temple_1_default
D:11:     hangedman_cross_stitches, layout_gridville, minmay_statue_bubble,
          uniq_maurice
D:12:     minmay_polygon_palace, layout_rooms, serial_shops, shop,
          vehumet_crystals
D:13:     layout_loops_ring, gauntlet_entry_generic
D:14:     layout_basic, david_vaults_4, nicolae_eternal_life,
          okawaru_metal_pillars_1_2, uniq_josephine, uniq_louise
D:15:     gammafunk_depths_entry_grave, layout_irregular_city, serial_rivers,
          chequers_serial_rivers_marsh, chequers_serial_rivers_micro_e,
          chequers_serial_rivers_marsh, chequers_serial_rivers_micro_a,
          chequers_serial_rivers_micro_a, minmay_misc_feat_cross,
          dispersion_dpeg
Lair:1:   layout_cave_shapes, st_stairs_4, grunt_megastairs_5
Lair:2:   layout_chaotic_city, swamp_mist_pool,
          nicolae_snake_entry_warm_welcome, portal_ice_cave_rime,
          enter_volcano_2, uniq_fannar
Lair:3:   layout_cave_pods, uniq_sonja
Lair:4:   layout_hall_layers, slime_entry_1, lemuel_fruit_tree
Lair:5:   cheibrodos_lair_end_hotspot, layout_long_grid, serial_bayou_shore_b
Orc:1:    layout_caves
Orc:2:    grunt_orc_tribal_feast, layout_diamond_mine
Elf:1:    elf_arrival_002, layout_loops_corners, evilmike_minifort,
          grunt_megastairs_1, lemuel_upstairs_altar
Elf:2:    nicolae_elf_blades_splatter_lattice
          [nicolae_blade_entry_diamond_columns], layout_gridlike

Skill      XL: |  1  2  3  4  5  6  7  8  9 10 11 12 13 14 15 16 |
---------------+-------------------------------------------------+-----
Fighting       | 4 5 6 7 8 9 11 12 13 15 16 17 | 17.4
Axes           | 4 5 7 8 11 13 15 16 18 20 22 23 24 | 24.5
Dodging        | 3 4 5 6 7 8 9 10 11 | 11.6
Armour         | 3 4 5 6 8 10 11 12 14 15 17 | 17.2
Shields        | 1 |  1.1

Action                     |  1- 3 |  4- 6 |  7- 9 | 10-12 | 13-15 | 16-18 || total
---------------------------+-------+-------+-------+-------+-------+-------++-------
  Melee: Hand axe          |   105 |    24 |       |       |       |       ||   129
         Headbutt          |    16 |     6 |    13 |    44 |   133 |    31 ||   243
         Executioner's axe |       |    41 |   155 |   331 |   753 |   159 ||  1439
 Invoke: Trog's Hand       |       |     1 |     4 |     7 |    14 |     5 ||    31
         Berserk           |       |     1 |     1 |     4 |     5 |       ||    11
         Brothers in Arms  |       |       |       |       |       |     1 ||     1
  Evoke: Wand              |       |       |       |       |     1 |       ||     1
    Use: Scroll            |       |     8 |     7 |     7 |    21 |     2 ||    45
         Potion            |       |       |       |       |     1 |     3 ||     4
 Armour: Animal skin       |    23 |    20 |    11 |       |       |       ||    54
         Chain mail        |       |       |    50 |    76 |       |       ||   126
         Plate armour      |       |       |       |   137 |   441 |    81 ||   659
  Dodge: Dodged            |    82 |    57 |   109 |   163 |   327 |    64 ||   802
  Block: Other             |       |       |       |       |    78 |    23 ||   101
         Reflection        |       |       |       |       |     7 |     4 ||    11
